 Dungeon Crawl Stone Soup version 0.30-a0-439-g9e77e4d (webtiles) character file.

Game seed: 8842771541579421518

19484 Illumine the Spear-Bearer (level 12, 0/113 HPs)
             Began as a Minotaur Fighter on Dec 9, 2022.
             Was a Believer of the Shining One.
             Slain by a komodo dragon (13 damage)
             ... on level 3 of the Lair of Beasts on Dec 10, 2022.
             The game lasted 00:09:49 (10271 turns).

Illumine the Spear-Bearer (Minotaur Fighter)       Turns: 10271, Time: 00:09:49

Health: 0/113      AC: 12    Str: 24    XL:     12   Next: 36%
Magic:  15/15      EV:  9    Int:  5    God:    the Shining One [**....]
Gold:   567        SH: 13    Dex: 12    Spells: 11/11 levels left

rFire   . . .      SeeInvis .    v - +8 trident of the Octopus King {venom, rElec rPois}
rCold   . . .      Faith    .    c - +0 buckler
rNeg    + . .      Spirit   .    H - +0 chain mail
rPois   +          Reflect  .    (helmet restricted)
rElec   +          Harm     .    (no cloak)
rCorr   +          Rampage  .    (no gloves)
Will    .....                    (no boots)
Stlth   ..........               (no amulet)
HPRegen 0.38/turn                G - ring of resist corrosion
MPRegen 0.14/turn                (no ring)

@: divinely shielded, on berserk cooldown, slowed, glowing, very slow
A: horns 2, retaliatory headbutt
a: Renounce Religion, Divine Shield


You were on level 3 of the Lair of Beasts.
You worshipped the Shining One.
The Shining One was pleased with you.
You visited 2 branches of the dungeon, and saw 13 of its levels.
You also visited: Bailey.

You collected 567 gold pieces.

Inventory:

Hand Weapons
 a - a +0 war axe
 v - the +8 trident of the Octopus King (weapon) {venom, rElec rPois}
   (You found it on level 3 of the Dungeon)

   It poisons the flesh of those it strikes.
   rElec:     It insulates you from electricity.
   rPois:     It protects you from poison.
Armour
 c - a +0 buckler (worn)
 H - a +0 chain mail (worn)
Jewellery
 G - a ring of resist corrosion (left hand)
 K - a ring of ice
Wands
 b - a wand of charming (3)
 d - a wand of digging (11)
 m - a wand of iceblast (24)
 y - a wand of polymorph (7)
 C - a wand of flame (14)
 F - a wand of mindburst (34)
 L - a wand of acid (12)
Scrolls
 e - 2 scrolls of blinking
 i - 4 scrolls of teleportation
 j - a scroll of vulnerability {unknown}
 k - 3 scrolls of summoning {unknown}
 l - 2 scrolls of magic mapping
 p - 2 scrolls of poison {unknown}
 s - 3 scrolls of immolation
 u - a scroll of enchant weapon {unknown}
 x - a scroll of acquirement {unknown}
 A - a scroll of enchant armour {unknown}
 B - a scroll of silence {unknown}
 I - a scroll of fog {unknown}
 J - a scroll of brand weapon {unknown}
 M - a scroll of identify
 P - a scroll of amnesia {unknown}
Potions
 f - 2 potions of berserk rage
 g - a potion of heal wounds
 h - a potion of mutation
 n - 2 potions of flight {unknown}
 o - a potion of brilliance {unknown}
 q - 7 potions of curing
 r - a potion of attraction {unknown}
 t - a potion of degeneration {unknown}
 w - a potion of magic {unknown}
 z - a potion of resistance {unknown}
 D - 4 potions of invisibility {unknown}
 E - 2 potions of might
 N - a potion of ambrosia {unknown}
 O - a potion of haste


   Skills:
 + Level 12.8 Fighting
 - Level 5.6(10.4) Axes
 - Level 13.5(14.0) Polearms
 + Level 12.9 Armour
 + Level 2.4 Dodging
 + Level 4.9 Shields
 + Level 6.6 Invocations
 + Level 2.1 Evocations


You had 11 spell levels left.
You didn't know any spells.
Your spell library contained the following spells:

 Spells                   Type           Power      Damage    Failure   Level
 Beastly Appendage        Tmut           0%         N/A       97%         1
 Magic Dart               Conj           0%         1d3       97%         1
 Ensorcelled Hibernation  Hex/Ice        0%         N/A       99%         2
 Searing Ray              Conj           0%         2d4       99%         2
 Static Discharge         Conj/Air       0%         2-2/arc   99%         2
 Sublimation of Blood     Necr           0%         N/A       99%         2
 Wereblood                Tmut           0%         N/A       99%         2
 Spider Form              Tmut/Pois      0%         N/A       100%        3
 Vhi's Electric Charge    Tloc/Air       0%         N/A       100%        3
 Anguish                  Hex/Necr       0%         N/A       100%        4
 Animate Armour           Summ/Erth      0%         N/A       100%        4
 Fulminant Prism          Conj/Hex       0%         3d5       100%        4
 Petrify                  Tmut/Erth      0%         N/A       100%        4
 Arcjolt                  Conj/Air       0%         1d10      100%        5
 Blade Hands              Tmut           0%         N/A       100%        5
 Irradiate                Conj/Tmut      0%         3d11      100%        5
 Lightning Bolt           Conj/Air       0%         1d11      100%        5
 Iron Shot                Conj/Erth      0%         9d1       100%        6


Dungeon Overview and Level Annotations

Branches:
Dungeon (9/15)             Temple (0/1) D:7            Lair (4/5) D:8
 Shoals (0/4) Lair:3        Snake (0/4) Lair:2       Bailey (visited)
  Slime: Lair:4-5       Orc: D:9-12

Altars:
Gozag
Hepliaklqana
Ru
Uskayaw
The Shining One

Shops:
D:7 [

Annotations:
Lair:3 exclusion: oklob plant


Innate Abilities, Weirdness & Mutations

You have a pair of horns on your head.
You reflexively headbutt those who attack you in melee.


Message History

* * * LOW HITPOINT WARNING * * *
The water moccasin bites you but does no damage.
The komodo dragon barely misses you. The water moccasin bites you.
* * * LOW HITPOINT WARNING * * *
The water moccasin bites you but does no damage.
The komodo dragon bites you!!
* * * LOW HITPOINT WARNING * * *
The water moccasin bites you but does no damage.
The komodo dragon bites you. The water moccasin barely misses you.
You turn to flesh and can move again.
Unknown command.
You puncture the komodo dragon!
The komodo dragon is poisoned.
The komodo dragon is moderately wounded.
You block the komodo dragon's attack.
You hit the komodo dragon. You headbutt the komodo dragon!
The komodo dragon is heavily wounded.
You are no longer berserk.
You are exhausted.
You feel yourself slow down. You block the water moccasin's attack.
You barely miss the water moccasin.
Your headbutt misses the water moccasin.
The water moccasin is heavily wounded.
The water moccasin bites you but does no damage.
The komodo dragon bites you but does no damage.
Unknown command.
You puncture the komodo dragon!
The komodo dragon looks as sick as possible!
The komodo dragon is severely wounded.
You block the water moccasin's attack.
The komodo dragon bites you but does no damage.
You block the water moccasin's attack.
You closely miss the water moccasin. You headbutt the water moccasin.
The water moccasin is heavily wounded.
The water moccasin bites you but does no damage.
The komodo dragon completely misses you.
You completely miss the water moccasin.
The water moccasin is heavily wounded.
The water moccasin bites you but does no damage.
The komodo dragon bites you!
You die...

....######...#...#...####..#....#
....# #.#####..##### ###...###
...## ### #...P# ##..### ....#
#########..## #..#.#
....###..##.###..# #.....
.................# ##.....
.................## #......
................l.##### ###.....
..^.|..........S@###P.####.......
.##..#####.......†...>...........
.###.# ##.......................
.# ### #.......................#
.###.#####......................#
.................................
#.###...P##....##.##...#####.###.
### #.################.# ### ##
### ### #


You could see a komodo dragon (extremely poisoned) and a water moccasin.

Vanquished Creatures
  Nergalle (Lair:1)
  Pikel (D:5)
  2 black mambas
  3 elephants (Lair:2)
  13 cane toads
  Maggie (D:7)
  6 komodo dragons
  2 rime drakes
  A polar bear (Lair:4)
  2 hornets
  Sigmund (D:3)
  31 yaks
  2 wyverns
  3 basilisks
  5 nagas (Lair:2)
  13 water moccasins
  An ice beast (D:6)
  5 orc warriors
  A sky beast (D:8)
  5 wolves
  2 ogres
  A centaur (D:8)
  3 lemures (D:5)
  2 phantoms
  The ghost of BarneyGumball the Magician, an amateur DEEE (D:5)
  7 bullfrogs
  6 scorpions
  A howler monkey (D:4)
  2 hounds
  5 orc priests
  2 iguanas (D:5)
  5 orc wizards
  Robin (D:3)
  3 adders
  3 gnolls
  A shadow imp (D:5)
  3 white imps
  4 dart slugs
  29 orcs
  6 endoplasms
  2 giant cockroaches
  14 goblins
  6 hobgoblins
  2 jackals (D:4)
  10 kobolds
  4 quokkas
  3 ball pythons
  A bat (D:2)
  4 frilled lizards
  2 rats (D:2)
234 creatures vanquished.

Vanquished Creatures (others)
  15 fungi
  14 plants
29 creatures vanquished.

Grand Total: 263 creatures vanquished

Notes
Turn   | Place    | Note
-------+----------+-------------------------------------------
     0 | D:1      | Illumine the Minotaur Fighter began the quest for the Orb.
     0 | D:1      | Reached XP level 1. HP: 19/19 MP: 0/0
   201 | D:1      | Reached XP level 2. HP: 27/27 MP: 1/1
   582 | D:2      | Reached XP level 3. HP: 18/33 MP: 2/2
  1215 | D:3      | Noticed Robin
  1225 | D:3      | Reached XP level 4. HP: 24/40 MP: 3/3
  1225 | D:3      | Killed Robin
  1472 | D:3      | Noticed Sigmund
  1488 | D:3      | Killed Sigmund
  1489 | D:3      | Reached skill level 5 in Fighting
  1489 | D:3      | Reached skill level 5 in Axes
  1489 | D:3      | Reached skill level 5 in Armour
  1489 | D:3      | Reached XP level 5. HP: 27/48 MP: 4/4
  1589 | D:3      | Reached XP level 6. HP: 56/56 MP: 5/5
  1679 | D:3      | Found the +8 trident of the Octopus King {venom, rElec
                  | rPois}
  1925 | D:4      | Found a glowing golden altar of the Shining One.
  1956 | D:5      | Entered Level 5 of the Dungeon
  1962 | D:5      | Reached skill level 1 in Polearms
  1971 | D:5      | Noticed Pikel
  1990 | D:5      | Killed Pikel
  1991 | D:5      | Reached skill level 4 in Polearms
  1991 | D:5      | Reached XP level 7. HP: 34/63 MP: 6/6
  2230 | D:4      | Reached skill level 5 in Polearms
  2363 | D:4      | Reached XP level 8. HP: 69/71 MP: 7/7
  2383 | D:4      | Became a worshipper of the Shining One
  2656 | D:5      | Reached skill level 6 in Polearms
  3393 | D:5      | Found a runed translucent door.
  3535 | D:5      | Noticed BarneyGumball's ghost (amateur DEEE)
  3661 | D:5      | Killed BarneyGumball's ghost
  3712 | D:6      | Reached skill level 7 in Polearms
  3916 | D:6      | Reached skill level 8 in Polearms
  3924 | D:6      | Reached XP level 9. HP: 81/81 MP: 8/8
  3924 | D:6      | You fall into a shaft and drop 2 floors!
  3982 | D:8      | Found a staircase to the Lair.
  4005 | D:8      | Found a flagged portal.
  4125 | Bailey   | Entered a bailey
  4164 | Bailey   | Reached skill level 9 in Polearms
  4182 | Bailey   | Noticed an orc knight
  4430 | D:8      | Reached skill level 10 in Polearms
  4531 | D:7      | Found a staircase to the Ecumenical Temple.
  4572 | D:7      | Found Fanwo's Antique Armour Boutique.
  4710 | D:7      | Noticed Maggie
  4715 | D:7      | Reached * piety under the Shining One
  4719 | D:7      | Killed Maggie
  4965 | D:7      | Reached XP level 10. HP: 91/91 MP: 9/9
  5113 | D:7      | Found a hazy altar of Hepliaklqana.
  5195 | D:7      | Reached skill level 11 in Polearms
  5277 | D:7      | Found a sacrificial altar of Ru.
  5278 | D:7      | Found an opulent altar of Gozag.
  5620 | D:8      | Found a hide-covered altar of Uskayaw.
  6149 | Lair:1   | Entered Level 1 of the Lair of Beasts
  6370 | Lair:1   | Reached skill level 10 in Fighting
  6370 | Lair:1   | Reached skill level 10 in Armour
  6370 | Lair:1   | Noticed Nergalle
  6386 | Lair:1   | Killed Nergalle
  6387 | Lair:1   | Reached skill level 12 in Polearms
  6557 | Lair:1   | Noticed a cane toad
  6564 | Lair:1   | Killed a cane toad
  6565 | Lair:1   | Reached skill level 1 in Invocations
  7081 | Lair:2   | Noticed a cane toad
  7090 | Lair:2   | Noticed a cane toad
  7091 | Lair:2   | Killed a cane toad
  7100 | Lair:2   | Killed a cane toad
  7105 | Lair:2   | Reached skill level 13 in Polearms
  7105 | Lair:2   | Reached XP level 11. HP: 39/101 MP: 11/11
  8015 | Lair:2   | Reached ** piety under the Shining One
  8142 | Lair:2   | Reached skill level 5 in Invocations
  8328 | Lair:2   | Found a staircase to the Snake Pit.
  8339 | Lair:2   | HP: 1/104 [naga/+0 flail (9)]
  8805 | Lair:3   | Found a staircase to the Shoals.
  8936 | Lair:3   | Reached XP level 12. HP: 95/113 MP: 15/15
  9266 | Lair:3   | Reached skill level 1 in Dodging
  9493 | Lair:3   | Reached skill level 1 in Evocations
 10271 | Lair:3   | Slain by a komodo dragon

Illustrated notes

Levels and vault maps discovered:
D:1:      mrwooster_arrival_statue_2, layout_loops_ring,
          dreamdust_ecumenical_altar_statues
D:2:      layout_loops_ring, roderic_three_in_a_row, lexackson_kobold_supper
D:3:      layout_basic, uniq_sigmund, uniq_robin
D:4:      layout_basic, amcnicky_altar_gilded
D:5:      layout_basic, ebering_ghost_reflecting_pool, uniq_pikel,
          uniq_crazy_yiuf_cottage
D:6:      layout_basic, lemuel_doored_altar, jmf_multi_god_temple2
D:7:      layout_rooms, gammafunk_temple_overflow_pools,
          mainiacjoe_overflow_boulevard, minmay_temple_entry_glassed_door,
          serial_shops, shop, minmay_stone_trees_small, grunt_decor_arrowhead,
          uniq_maggie
D:8:      layout_loops_corners, eat_drink_and_be_merry_uskayaw,
          lair_entry_dummy, enter_bailey_8, serial_bayou_pond_a
D:9:      layout_gridville, mainiacjoe_overflow_surrounded_room,
          dk_rats_in_the_wall
Lair:1:   layout_gridlike, nicolae_lair_grove_arrangements, uniq_nergalle
Lair:2:   layout_cave_pods, minmay_snake_entry_guardpost_medium,
          grunt_megastairs_2
Lair:3:   layout_chaotic_city, shoals_dummy_entry, minmay_stone_trees_medium
Lair:4:   layout_cave_pods, basic_altar

Skill      XL: |  1  2  3  4  5  6  7  8  9 10 11 12 |
---------------+-------------------------------------+-----
Axes           | 3 5 |  5.6
Armour         | 4 5 6 7 9 10 12 | 12.9
Shields        | 4 |  4.9
Fighting       | 4 5 6 7 9 10 12 | 12.8
Polearms       | 4 5 8 10 13 | 13.5
Invocations    | 2 5 6 |  6.6
Dodging        | 2 |  2.4
Evocations     | 2 |  2.1

Action                   |  1- 3 |  4- 6 |  7- 9 | 10-12 || total
-------------------------+-------+-------+-------+-------++-------
Melee: War axe           |    76 |    43 |       |       ||   119
       Headbutt          |    10 |     7 |    25 |    90 ||   132
       Trident           |       |    15 |   169 |   349 ||   533
Invok: Divine Shield     |       |       |       |     2 ||     2
  Use: Scroll            |     1 |     1 |     5 |     2 ||     9
       Potion            |     1 |     1 |     1 |     3 ||     6
Armor: Scale mail        |    37 |    30 |    15 |       ||    82
       Chain mail        |       |       |    42 |    90 ||   132
Dodge: Dodged            |    40 |    17 |    38 |    87 ||   182
Block: Buckler           |    13 |    16 |    38 |    58 ||   125

Table legend: (Time is in decaauts)
 A = Elapsed time spent in this place.
 B = Non-inter-level travel time spent in this place.
 C = Inter-level travel time spent in this place.
 D = Time resting spent in this place.
 E = Time spent auto-exploring this place.
 F = Levels seen in this place.
 G = Mean time per level.
                   A        B        C        D        E       F      G
               +--------+--------+--------+--------+--------+-----+--------+
         Total |  10196 |   9599 |    597 |    107 |   8032 |  14 |  728.3 |
       Dungeon |   6101 |   5627 |    474 |     39 |   4686 |   9 |  677.9 |
          Lair |   4013 |   3890 |    123 |     68 |   3346 |   4 | 1003.2 |
        Bailey |     81 |     81 |      0 |      0 |      0 |   1 |   81.0 |
               +--------+--------+--------+--------+--------+-----+--------+

Top non-repeatable levels by time:
  Lair:2: 1678 daAuts
  Lair:3: 1401 daAuts
     D:5: 1338 daAuts
     D:8: 1312 daAuts
     D:3: 926 daAuts
  Lair:1: 911 daAuts
     D:7: 823 daAuts
     D:2: 670 daAuts
     D:1: 455 daAuts
     D:4: 350 daAuts
     D:6: 221 daAuts
  Bailey: 81 daAuts
  Lair:4: 22 daAuts
     D:9: 1 daAuts
